AoeStats
← Sido

Arabia

509101778Analyzed
1v1 RM · 7d ago on Sep 25, 2026· 60m 15s· 2 players
Game mode
Random Map
Map size
Tiny (2 player)
Population
200
Speed
Normal
Resources
Standard
Victory
Conquest
Starting age
Dark Age
Ending age
Imperial Age
RankedLock teamsTeams togetherTeam positionsShared explorationLock speedFull tech treeHidden civsTurbo modeCheats
Victory
Defeat
🇬🇧 Danes · United Kingdom
802
+17
🇧🇴 Danes · Bolivia
824
-17
Sido
11:37 Feudal Age
17:52 Castle Age
16:40 Horse Collar
25:19 Double-Bit Axe
26:20 Scale Mail Armor
26:32 Man-at-Arms
26:57 Gambesons
32:27 Imperial Age
29:44 Long Swordsman
32:05 Chain Mail Armor
32:00 Forging
32:43 Two-Handed Swordsman
34:10 Capped Ram
35:34 Forging
35:46 Crossbowman
38:06 Champion
40:08 Gold Mining
40:59 Iron Casting
44:32 Arson
46:14 Plate Mail Armor
46:45 Blast Furnace
51:54 Wheelbarrow
OscarNassir
6:06 Loom
9:53 Feudal Age
18:23 Castle Age
16:36 Double-Bit Axe
16:33 Horse Collar
21:05 Forging
22:21 Wheelbarrow
29:30 Imperial Age
33:06 Scale Mail Armor
36:53 Gambesons
37:11 Man-at-Arms
39:12 Iron Casting
38:52 Chain Mail Armor
38:36 Long Swordsman
39:41 Chain Mail Armor
39:33 Heavy Plow
39:31 Gold Mining
40:42 Hand Cart
40:13 Town Watch
39:59 Two-Handed Swordsman
42:37 Conscription
42:35 Hamask
49:05 Champion
51:08 Plate Mail Armor
58:17 Blast Furnace
Connection lost

Rejoining the realm…

Still unreachable

The connection could not be restored.

Session expired

The server has moved on; the page needs a fresh start.